Description

Updated for 2020...click the box for "workers" to see important notes.

At approx. 2:45-3:00, this cheese build hits with four spine crawlers, one queen, and a bunch of slow lings at a proxy hatch. It works because you show up at the proxy hatch with four workers right when it finishes, and you'll have enough money for exactly one queen and four spine crawlers.

The VOD is me playing Vibe with this build, but it's worth noting he wasn't allowed to build stalkers or immortals.

VOD

https://www.twitch.tv/videos/735558174?t=3h37m7s

Replay - Proxy hatch on Eternal Empire against Vibe

Build Order

Get SALT Encoding   

  12  0:01  Drone Rally this drone to the proxy location. You want to pick a spot near their main, within one creep tumour of their standard wall position.  
  13  0:13  Overlord Rally this overlord to your main to check for cheese, and then across the map to be a backup for vision.  
  13  0:16  Drone  
  14  0:32  Drone x2  
  16  0:51  Hatchery Start proxy hatch near opponent's main.   
  16  0:54  Drone  
  16  0:57  Drone Rally this drone to become the spawning pool.  
  17  1:13  Spawning Pool Around now, get four drones on a hotkey.  
  17  1:15  Drone  
  17  1:19  Drone  
  17  1:22  Drone Once this drone is built, wait until you have 100 minerals, and then send immediately send the four drones you hotkeyed to the back of the proxy hatch.  
  18  2:03  Queen As soon as proxy hatch finishes, build a queen. Never stop building queens at the proxy hatch.  
  18  2:05  Spine Crawler  
  18  2:06  Spine Crawler x3  
  17  2:08  Zergling x2 Constant ling production from now on.  
Spawning Tool Build Advisor. Get it on Overwolf

Analysis

Tips for success: 1) Always been producing a queen at the forward hatch. 2) Once the 1st queen pops, build a creep tumour to extent creep towards the protoss wall. 3) The tumour surviving is very important, use lings and queen to defend it. 4) Let the spines do the heavy lifting, don't lose too many lings before the wall has been broken. The role of lings is to cause chaos and kill workers. The role of the queens are to spread creep, heal the spines, do a little damage, and to counter a void ray / oracle if they manage to get one out. 6) The build is pretty standard in terms of the overlord timing...16, 23, 30, etc. Build ovies back at home when possible so larva from the proxy can be used on lings. 7) Never stop making queens and lings.

Go to:

Details

  • Created by: baldseagull
  • Published on: Jan 12, 2019
  • Modified on: Sep 09, 2020
  • Patch: 4.11.0
  • Difficulty: Easy
Show
View Real Time Build Order
Export as new Build Order

Comments (2)

On June 5, 2019, 7:26 p.m., baldseagull  said:

I play D2 usually, so can't speak to higher levels, but I find not a lot of people scout for it.

If you see a scouting probe coming in (with the 1st ovie you build), you can try to be a bit tricky and send a drone down to the natural to bluff building a hatch. That buys some time. But yeah, the clock is ticking once they realize you aren't establishing a natural.

If they get to immortals you're probably toast. Need to win before that. If they get that far, the best bet is pulling everything back home (drop as many creep tumors as possible first) and expanding.

On April 22, 2019, 3:03 a.m., Themryon  said:

info: Send the first drone you make to make the hatch.

I don't get the build, after trying it a bit, i have to say:
- It gets scouted very easy because you don't have a natural
- They just turtle in their main with immortal sentry (you can't get on the ramp) and you are behind.

Any advice what i should do in that case?

Create an account to comment!